 Dungeon Crawl Stone Soup version 0.22-a0-99-g1ac4c55 (webtiles) character file.

69311 KristoblXynda the Brawler (level 14, -6/121 HPs)
             Began as a Grey Draconian Monk on Jan 25, 2018.
             Was the Champion of Wu Jian.
             Hit by a tomahawk thrown by an orc warrior (19 damage)
             ... on level 2 of the Orcish Mines.
             The game lasted 01:19:44 (26060 turns).

KristoblXynda the Brawler (Grey Draconian Monk)    Turns: 26060, Time: 01:19:45

Health: -6/121     AC: 19    Str: 15    XL:     14   Next: 89%
Magic:  26/26      EV: 21    Int: 15    God:    Wu Jian [******]
Gold:   1094       SH:  6    Dex: 21    Spells: 22/30 levels left

rFire    . . .     SeeInvis .     - Unarmed
rCold    . . .     Gourm    .   L - +0 buckler
rNeg     . . .     Faith    .   (armour unavailable)
rPois    .         Spirit   .   E - +0 hat
rElec    .         Reflect  .   A - +0 cloak
rCorr    .         Harm     .   u - +1 pair of gloves {Dex+3}
MR       ++...                  F - +2 pair of boots
Stlth    +++.......             i - amulet of rage
HPRegen  0.30/turn              n - ring of protection from magic
MPRegen  0.20/turn              v - +3 ring of dexterity

@: about to teleport
A: walk through water, unfitting armour, hooves 1, agile 1, screaming 1,
unbreathing, cold-blooded, AC +13
a: Wall Jump, Serpent's Lash, Heavenly Storm, Renounce Religion, Evoke Berserk
Rage


You were on level 2 of the Orcish Mines.
You worshipped Wu Jian.
Wu Jian was exalted by your worship.
You were hungry.

You visited 4 branches of the dungeon, and saw 23 of its levels.
You also visited: Sewer.

You collected 1973 gold pieces.
You spent 879 gold pieces at shops.

Inventory:

Missiles
 I - 3 throwing nets (quivered)
Armour
 u - a +1 pair of gloves of dexterity (worn)
 A - a +0 cloak (worn)
 E - a +0 hat (worn)
 F - a +2 pair of boots (worn)
 L - a +0 buckler (worn)
Jewellery
 i - an amulet of rage (around neck)
 n - a ring of protection from magic (left hand)
 v - a +3 ring of dexterity (right hand)
Wands
 g - a wand of iceblast (23)
 o - a wand of disintegration (4)
 w - a wand of paralysis (11)
 G - a wand of polymorph (17)
Scrolls
 b - a scroll of fear
 d - 10 scrolls of remove curse
 j - 6 scrolls of teleportation
 k - 3 scrolls of identify
 l - a scroll of blinking
 q - a scroll of fog
 r - a scroll of summoning
 y - 2 scrolls of enchant armour
 z - 2 scrolls of amnesia
 B - a scroll of magic mapping
Potions
 c - 3 potions of invisibility
 e - 2 potions of agility
 f - 6 potions of flight
 h - 2 potions of curing
 m - a potion of cancellation
 p - a potion of haste
 x - 2 potions of lignification
 C - 2 potions of berserk rage
 H - a potion of ambrosia
Miscellaneous
 t - a box of beasts
Comestibles
 a - 34 rations


   Skills:
 - Level 10.0 Fighting
 - Level 10.1 Dodging
 - Level 5.0 Stealth
 + Level 4.7 Shields
 - Level 15.0 Unarmed Combat
 + Level 8.9 Spellcasting
 + Level 9.6 Transmutations
 + Level 9.0 Earth Magic
 - Level 5.0 Evocations


You had 22 spell levels left.
You knew the following spells:

 Your Spells              Type           Power        Failure   Level  Hunger
a - Petrify               Tmut/Erth      ####....     2%          4    ###....
b - Summon Lightning Spi  Summ/Air       #.......     71%         4    ###....


Dungeon Overview and Level Annotations

Branches:
Dungeon (14/15)            Temple (1/1) D:4            Lair (6/6) D:8
 Shoals (0/4) Lair:2        Snake (0/4) Lair:3        Slime (0/5) Lair:6
    Orc (2/2) D:11            Elf (0/3) Orc:2
 Vaults: D:13-14

Altars:
Ashenzari
Cheibriados
Dithmenos
Elyvilon
Fedhas
Gozag
Hepliaklqana
Kikubaaqudgha
Makhleb
Nemelex Xobeh
Okawaru
Qazlal
Ru
Sif Muna
Trog
Uskayaw
Vehumet
Wu Jian
Xom
Yredelemnul
Zin
The Shining One
Beogh

Shops:
D:4 *   D:6 }   D:8 [   D:14 !   Orc:1 *[[?!

Portals:
Trove: D:11 (give +0 crystal plate armour)

Annotations:
Lair:6 exclusion: oklob plant, Multipenetrator's ghost, journeyman DESu


Innate Abilities, Weirdness & Mutations

You can walk through water.
Your dull iron-grey scales are very hard. (AC +13)
You cannot fit into any form of body armour.
You can survive without breathing.
You are cold-blooded and may be slowed by cold attacks.
You have large cloven feet.
You are agile. (Dex +2)
You occasionally shout uncontrollably at your foes.


Message History

Unknown command.
As you read the scroll of teleportation, it crumbles to dust.
You feel strangely unstable.
The orc high priest utters an invocation to Beogh.
You block the orc warrior's attack.
You spin and attack the orc priest.
You hit the orc priest.
You tail-slap the orc priest, but do no damage.
The orc priest is lightly wounded.
The soul eater disappears in a puff of smoke!
The orc warrior hits you with a scimitar.
* * * LOW HITPOINT WARNING * * *
The orc priest looks satisfied for a moment.
You spin and attack the orc warrior repeatedly.
An orc warrior comes into view. It is wielding a mace.
The orc warrior shouts!
You hit the orc warrior but do no damage.
You hit the orc warrior.
The orc warrior is lightly wounded.
The orc warrior throws a tomahawk.
The tomahawk hits you!!
You die...

#.)[..#### ##................
#8...8# ##................
#.....## ##.................
#.....#. #....#..#......##..
.%...... ##.......#)##......
.........#######.#.4#..........
...%.......)8..######)..........
......).....##)#............
._....))[..@...o...........#
......))...o.o4o..........#.
.......)8..#.o.#3.......#.#.
......######.o.......#.#...#
....o. #....)....###...#. ....#
#..##.##..###..... ....
#..#.......##..... ...
#.###.......##.... .. ##
###....###.#.#


You could see an orc high priest, a sun demon, a hellwing, 5 orc warriors and an
orc priest (pinned).

Vanquished Creatures
  Rupert (Lair:3)
  A fire dragon (D:13)
  Fannar (Lair:3)
  Harold (Lair:3)
  7 hydras
  An anaconda (D:13)
  3 centaur warriors
  4 two-headed ogres
  A tengu warrior (D:13)
  An ogre mage (Orc:1)
  A death knight (D:14)
  Urug (Orc:1)
  Nergalle (D:12)
  A skeletal warrior (D:14)
  2 unseen horrors
  3 orc knights (Orc:2)
  2 orc sorcerers (Orc:2)
  2 oklob plants (Lair:1)
  A deep elf mage (D:14)
  2 ugly things
  2 cyclopes
  9 elephants
  A manticore (D:14)
  3 black mambas
  Joseph (D:7)
  An eye of devastation (D:13)
  A gargoyle (D:12)
  6 rime drakes
  15 spiny frogs
  6 komodo dragons
  5 trolls
  2 hornets
  2 polar bears (Lair:6)
  7 slime creatures
  8 blink frogs
  A meliai zombie (D:12)
  7 dream sheep
  7 hippogriffs
  4 wraiths
  30 yaks
  A vampire (D:11)
  3 wyverns
  A hungry ghost (D:12)
  A warg (Orc:1)
  A steam dragon (D:12)
  4 basilisks
  3 nagas (Lair:3)
  An acid dragon (D:12)
  18 porcupines
  A swamp drake (D:11)
  18 water moccasins
  25 orc warriors
  2 ice beasts
  9 sky beasts
  2 black bears
  14 ogres
  An eye of draining (D:9)
  11 wolves
  17 centaurs
  12 crocodiles
  5 big kobolds
  19 bullfrogs
  2 scorpions
  8 killer bees
  8 wights
  4 howler monkeys
  2 electric eels
  4 crimson imps
  A bullfrog zombie (D:6)
  6 centaur zombies
  4 jellies
  11 hounds
  19 orc priests
  Crazy Yiuf (D:7)
  5 centaur skeletons
  20 orc wizards
  A bullfrog skeleton (D:12)
  2 iguanas (D:6)
  A hell rat (Lair:6)
  6 worker ants
  8 adders
  9 river rats (Lair:6)
  2 shadow imps
  2 oozes
  An adder zombie (D:6)
  2 adder skeletons
  6 worms
  8 leopard geckos
  91 orcs
  9 ball pythons
  2 bats (D:3)
  11 giant cockroaches
  5 goblins
  12 hobgoblins
  16 jackals
  2 quokkas
  18 frilled lizards
  23 kobolds
  A leopard gecko skeleton (D:7)
  A quokka skeleton (D:4)
  4 rats
  A plant (Lair:1)
663 creatures vanquished.

Vanquished Creatures (collateral kills)
  A hydra (Lair:3)
  A fungus (Lair:3)
2 creatures vanquished.

Vanquished Creatures (others)
  An orc wizard (Orc:2)
  24 fungi
  17 plants
42 creatures vanquished.

Grand Total: 707 creatures vanquished

Notes
Turn   | Place    | Note
-------+----------+-------------------------------------------
     0 | D:1      | KristoblXynda the Draconian Monk began the quest for the Orb.
     0 | D:1      | Reached XP level 1. HP: 19/19 MP: 1/1
   340 | D:1      | Reached XP level 2. HP: 26/26 MP: 2/2
  1033 | D:2      | Noticed an ogre
  1077 | D:2      | Killed an ogre
  1077 | D:2      | Reached skill level 4 in Unarmed Combat
  1077 | D:2      | Reached XP level 3. HP: 5/33 MP: 3/3
  1077 | D:2      | Reached XP level 4. HP: 6/40 MP: 4/4
  1794 | D:2      | Reached XP level 5. HP: 46/46 MP: 5/5
  2472 | D:3      | Reached skill level 5 in Unarmed Combat
  2656 | D:3      | Reached XP level 6. HP: 38/53 MP: 6/6
  2708 | D:3      | Found a glowing drain.
  2723 | Sewer    | Entered a sewer
  3022 | Sewer    | Reached skill level 5 in Fighting
  3901 | D:4      | Reached skill level 6 in Unarmed Combat
  3960 | D:4      | Your scales start taking on a dull iron-grey colour.
  3960 | D:4      | Reached XP level 7. HP: 49/61 MP: 7/7
  3960 | D:4      | Gained mutation: You can survive without breathing. [Grey Draconian growth]
  4221 | D:4      | Found a staircase to the Ecumenical Temple.
  4235 | Temple   | Entered the Ecumenical Temple
  4245 | Temple   | Became a worshipper of the Wu Jian Council
  4245 | Temple   | Reached * piety under Wu Jian
  4245 | Temple   | Reached ** piety under Wu Jian
  4480 | D:4      | Found Ynyv's Assorted Antiques.
  4488 | D:4      | Bought a pair of runed gloves for 142 gold pieces
  4762 | D:5      | Entered Level 5 of the Dungeon
  4782 | D:5      | Reached skill level 1 in Evocations
  5331 | D:6      | Reached skill level 7 in Unarmed Combat
  5512 | D:6      | Reached skill level 5 in Dodging
  5512 | D:6      | Reached XP level 8. HP: 68/68 MP: 9/9
  5555 | D:6      | Found Aresayl's Gadget Emporium.
  5877 | D:6      | Reached skill level 8 in Unarmed Combat
  5912 | D:6      | Found a glowing golden altar of the Shining One.
  6050 | D:6      | Reached *** piety under Wu Jian
  6306 | D:6      | Found a snail-covered altar of Cheibriados.
  6678 | D:7      | Noticed Joseph
  6711 | D:7      | Killed Joseph
  6711 | D:7      | Reached XP level 9. HP: 27/74 MP: 10/12
  6714 | D:7      | Reached skill level 9 in Unarmed Combat
  6995 | D:7      | Found a stormy altar of Qazlal.
  7108 | D:7      | Found an iron altar of Okawaru.
  7229 | D:7      | Found a shattered altar of Ashenzari.
  7303 | D:7      | Found a runed door.
  7427 | D:7      | Found a sacrificial altar of Ru.
  7472 | D:7      | Noticed Crazy Yiuf
  7476 | D:7      | Killed Crazy Yiuf
  7491 | D:7      | Gained mutation: Your spells are a little easier to cast, but a little less powerful. [potion of mutation]
  7491 | D:7      | Lost mutation: Your spells are a little easier to cast, but a little less powerful. [potion of mutation]
  7491 | D:7      | Gained mutation: Your muscles are strong. (Str +2) [potion of mutation]
  7633 | D:8      | Reached skill level 5 in Evocations
  7671 | D:8      | Found a staircase to the Lair.
  7844 | D:8      | Reached skill level 10 in Unarmed Combat
  8256 | D:8      | Found Qonoxin's Armour Emporium.
  8264 | D:8      | Bought a +0 hat for 56 gold pieces
  8264 | D:8      | Bought a +2 pair of boots for 231 gold pieces
  8771 | D:9      | Noticed a troll
  8774 | D:9      | Killed a troll
  8774 | D:9      | Reached XP level 10. HP: 75/81 MP: 13/13
  9180 | D:9      | Reached **** piety under Wu Jian
  9193 | D:9      | Lost mutation: Your muscles are strong. (Str +2) [potion of mutation]
  9193 | D:9      | Gained mutation: Your spells are a little harder to cast, but a little more powerful. [potion of mutation]
  9193 | D:9      | Gained mutation: Your large and strong wings let you fly indefinitely. [potion of mutation]
  9193 | D:9      | Gained mutation: You are somewhat resistant to further mutation. [potion of mutation]
  9314 | D:9      | Found a hazy altar of Hepliaklqana.
  9606 | D:9      | You fall through a shaft!
  9606 | D:10     | Entered Level 10 of the Dungeon
  9619 | D:10     | Killed an unseen horror
  9657 | D:10     | Reached skill level 11 in Unarmed Combat
  9675 | D:10     | Reached skill level 5 in Stealth
 10482 | D:11     | Noticed a green ugly thing
 10520 | D:11     | Reached ***** piety under Wu Jian
 10542 | D:11     | Killed a green ugly thing
 10635 | D:11     | Reached XP level 11. HP: 81/92 MP: 14/14
 11001 | D:11     | Learned a level 4 spell: Petrify
 11067 | D:11     | Found a portal to a secret trove of treasure.
 11196 | D:11     | Found a staircase to the Orcish Mines.
 11647 | D:11     | Found an opulent altar of Gozag.
 12012 | D:12     | Noticed Nessos
 12016 | D:12     | Noticed Nessos
 12016 | D:12     | Nessos changed into Nessos the dream sheep
 12025 | D:12     | Killed Nessos the dream sheep
 12025 | D:12     | Reached skill level 12 in Unarmed Combat
 12724 | D:12     | Noticed Nergalle
 12757 | D:12     | Killed Nergalle
 12864 | D:12     | Noticed a two-headed ogre
 12869 | D:12     | Noticed a centaur warrior
 12869 | D:12     | Killed a two-headed ogre
 12884 | D:12     | Killed a centaur warrior
 12981 | D:12     | Killed an unseen horror
 12981 | D:12     | Reached skill level 10 in Fighting
 12981 | D:12     | Reached skill level 10 in Dodging
 12981 | D:12     | Reached XP level 12. HP: 77/106 MP: 15/15
 13000 | D:12     | Reached skill level 1 in Spellcasting
 13404 | D:13     | Noticed an anaconda
 13404 | D:13     | a slime creature changed into an anaconda
 13404 | D:13     | Noticed an anaconda
 13404 | D:13     | a slime creature changed into an anaconda
 13459 | D:13     | Reached skill level 1 in Transmutations
 13573 | D:13     | Reached skill level 13 in Unarmed Combat
 13595 | D:13     | Noticed a two-headed ogre
 13607 | D:13     | Killed a two-headed ogre
 13613 | D:13     | Noticed a fire dragon
 13613 | D:13     | an anaconda changed into a fire dragon
 13627 | D:13     | Killed a fire dragon
 13627 | D:13     | Reached ****** piety under Wu Jian
 13737 | D:13     | Noticed an eight-headed hydra
 13749 | D:13     | Killed an eight-headed hydra
 13767 | D:13     | Noticed a centaur warrior
 14006 | D:13     | Killed a centaur warrior
 14022 | D:13     | Killed an anaconda
 14512 | D:14     | Found Ushaefub's Distillery.
 14514 | D:14     | Bought a potion of heal wounds for 70 gold pieces
 14514 | D:14     | Bought a potion of heal wounds for 70 gold pieces
 14522 | D:14     | Noticed a centaur warrior
 14527 | D:14     | Noticed a death knight
 14532 | D:14     | Killed a centaur warrior
 14611 | D:14     | Killed a death knight
 14611 | D:14     | Reached skill level 5 in Transmutations
 14840 | D:13     | Noticed a tengu warrior
 14857 | D:13     | Killed a tengu warrior
 14857 | D:13     | Reached skill level 5 in Spellcasting
 15028 | Lair:1   | Entered Level 1 of the Lair of Beasts
 15341 | Lair:1   | Noticed a seven-headed hydra
 15362 | Lair:1   | Killed a seven-headed hydra
 15377 | Lair:1   | Reached XP level 13. HP: 16/113 MP: 19/21
 15387 | Lair:1   | HP: 1/113 [spiny frog (18)]
 15835 | Lair:1   | Reached skill level 1 in Earth Magic
 16686 | Lair:1   | Reached skill level 14 in Unarmed Combat
 16727 | Lair:2   | Lost mutation: Your spells are a little harder to cast, but a little more powerful. [potion of mutation]
 16727 | Lair:2   | Lost mutation: Your large and strong wings let you fly indefinitely. [potion of mutation]
 16727 | Lair:2   | Lost mutation: You are somewhat resistant to further mutation. [potion of mutation]
 16727 | Lair:2   | Gained mutation: You tend to lose your temper in combat. [potion of mutation]
 16727 | Lair:2   | Gained mutation: You are agile. (Dex +2) [potion of mutation]
 16727 | Lair:2   | Gained mutation: You are robust. (+10% HP) [potion of mutation]
 16728 | Lair:2   | Lost mutation: You are agile. (Dex +2) [potion of mutation]
 16728 | Lair:2   | Lost mutation: You are robust. (+10% HP) [potion of mutation]
 16728 | Lair:2   | Gained mutation: You occasionally shout uncontrollably at your foes. [potion of mutation]
 16728 | Lair:2   | Lost mutation: You tend to lose your temper in combat. [potion of mutation]
 16728 | Lair:2   | Gained mutation: You are agile. (Dex +2) [potion of mutation]
 16728 | Lair:2   | Gained mutation: You have large cloven feet. [potion of mutation]
 16906 | Lair:2   | Found a staircase to the Shoals.
 17291 | Lair:2   | Found a shimmering altar of Xom.
 17881 | Lair:2   | Reached skill level 5 in Earth Magic
 18137 | Lair:2   | You fall through a shaft for 2 floors!
 19900 | Lair:5   | Reached XP level 14. HP: 120/121 MP: 14/25
 20265 | Lair:6   | Entered Level 6 of the Lair of Beasts
 21046 | Lair:6   | Reached skill level 1 in Shields
 21355 | Lair:6   | Noticed Multipenetrator's ghost (journeyman DESu)
 21456 | Lair:5   | Learned a level 4 spell: Summon Lightning Spire
 21706 | Lair:3   | Noticed Fannar
 21755 | Lair:3   | Found a staircase to the Snake Pit.
 21934 | Lair:3   | Killed Fannar
 22005 | Lair:3   | Reached skill level 15 in Unarmed Combat
 22106 | Lair:3   | Noticed Rupert
 22112 | Lair:3   | Noticed Harold
 22152 | Lair:3   | Killed Harold
 22356 | Lair:3   | Killed Rupert
 24188 | Orc:1    | Entered Level 1 of the Orcish Mines
 24188 | Orc:1    | Found Opsyapah's General Store.
 24314 | Orc:1    | Found Ywicw's Armour Emporium.
 24343 | Orc:1    | Found Giross's Armour Emporium.
 24428 | Orc:1    | Found Othrunwur's Magic Scroll Emporium.
 24431 | Orc:1    | Bought a scroll of blinking for 97 gold pieces
 24431 | Orc:1    | Bought a scroll of teleportation for 39 gold pieces
 24431 | Orc:1    | Bought a scroll of teleportation for 39 gold pieces
 24437 | Orc:1    | Noticed Urug
 24450 | Orc:1    | Killed Urug
 24810 | Orc:1    | Found Ezajaowk's Distillery.
 24836 | Orc:1    | Bought a potion of curing for 45 gold pieces
 24836 | Orc:1    | Bought a potion of lignification for 45 gold pieces
 24836 | Orc:1    | Bought a potion of lignification for 45 gold pieces
 24895 | Orc:2    | Entered Level 2 of the Orcish Mines
 24904 | Orc:2    | Found a staircase to the Elven Halls.
 25183 | Orc:2    | Found a roughly hewn altar of Beogh.
 25609 | Orc:2    | Noticed an orc warlord
 26032 | Orc:2    | Found a roughly hewn altar of Beogh.
 26060 | Orc:2    | Hit by a tomahawk thrown by an orc warrior

Vault maps used:
D:1:      shiori_arrival_oz, serial_forest, infiniplex_forest_lined_room_3,
          infiniplex_forest_clump_large, infiniplex_forest_end_1,
          infiniplex_forest_clump_C, infiniplex_forest_clump_curved,
          infiniplex_forest_straight_4, infiniplex_forest_clump_small,
          infiniplex_forest_clump_diagonal, infiniplex_forest_clump_double,
          infiniplex_forest_lined_4_way
D:2:      minmay_lizard_pond
D:3:      gup_sewer_entry_bubbles
D:4:      temple_statues, serial_shops, nicolae_shop_trees
D:5:      first_ration
D:6:      lemuel_coloured_pillars_altar, lemuel_round_altar, serial_shops,
          nicolae_shop_behind_doors, kennysheep_opposing_triangles
D:7:      old_standard_altar, nicolae_ru_path_of_blood,
          nicolae_ashenzari_panopticon, okawaru_metal_pillars_1_2,
          uniq_crazy_yiuf_cottage, uniq_joseph
D:8:      david_lair_generic, serial_shops, shop
D:9:      nicolae_overflow_crystal_walls, the_bakery
D:11:     erik_orc_1, enter_trove_1, grunt_gozag_breadcrumbs
D:12:     columned_hall_lemuel, hex_tiny, nooodl_food_tri, uniq_nessos,
          uniq_nergalle
D:14:     david_vaults_4, serial_park_gazebo, serial_shops, shop,
          minmay_misc_feat_rows
Temple:   nicolae_temple_no_exploring_needed
Lair:1:   minmay_stone_trees_small, hangedman_lair_generics_rect,
          minmay_lair_oklob_chamber, serial_bayou_shore_a, serial_bayou_shore_b
Lair:2:   minmay_shoals_entry_centaurs, basic_altar, grunt_megastairs_4,
          lemuel_fruit_fields, lemuel_fruit_tree
Lair:3:   guppyfry_snake_entry_garden, grunt_megastairs_1, uniq_harold,
          uniq_rupert, uniq_fannar
Lair:5:   infiniplex_staircase_pool_2, grunt_megastairs_5
Lair:6:   gammafunk_lair_ancient_temple, minmay_slime_entry_pillars,
          kennysheep_rathole
Orc:1:    serial_shops, nicolae_shop_crystal, nicolae_shop_behind_doors, shop,
          shop, shop, lightli_orcish_oven, uniq_urug
Orc:2:    grunt_orc_cross, basic_altar
Sewer:    sewer_frog_island_01

Skill      XL: |  1  2  3  4  5  6  7  8  9 10 11 12 13 14 |
---------------+-------------------------------------------+-----
Dodging        | 3 4 5 6 7 8 10 | 10.1
Fighting       | 4 5 7 10 | 10.0
Unarmed Combat | 4 5 6 7 8 10 11 12 13 14 15 | 15.0
Evocations     | 2 4 5 |  5.0
Stealth        | 3 5 |  5.0
Spellcasting   | 5 7 8 |  8.9
Transmutations | 5 8 9 |  9.6
Earth Magic    | 6 9 |  9.0
Shields        | 4 |  4.7

Action                   |  1- 3 |  4- 6 |  7- 9 | 10-12 | 13-15 || total
-------------------------+-------+-------+-------+-------+-------++-------
Melee: Unarmed           |   129 |   263 |   478 |   936 |  1163 ||  2969
       Tailslap          |    22 |    31 |    90 |   177 |   224 ||   544
       Punch             |     4 |     3 |    21 |    65 |    86 ||   179
 Cast: Petrify           |       |       |       |       |    63 ||    63
Invok: Lunge             |       |       |    22 |    51 |    44 ||   117
       Whirlwind         |       |       |    19 |    41 |    71 ||   131
       Wall Jump         |       |       |    10 |    27 |    34 ||    71
 Abil: Evoke Berserk Rag |       |       |       |     7 |    15 ||    22
Evoke: Wand              |       |       |     2 |    32 |    21 ||    55
       Box of beasts     |       |       |       |       |     1 ||     1
       Phantom mirror    |       |       |       |       |     1 ||     1
  Use: Potion            |     2 |       |     2 |     4 |    10 ||    18
       Scroll            |       |     9 |    12 |    11 |    16 ||    48
 Stab: Sleeping          |     2 |     5 |    12 |     4 |    11 ||    34
       Distracted        |       |       |       |     3 |     2 ||     5
       Paralysed         |       |       |       |       |     5 ||     5
       Petrifying        |       |       |       |       |    10 ||    10
       Petrified         |       |       |       |       |    41 ||    41
  Eat: Ration            |       |     2 |     3 |     5 |    11 ||    21
       Chunk             |       |     4 |     5 |    16 |    19 ||    44
Armor: Skin              |    19 |    64 |   144 |   286 |   286 ||   799
Dodge: Dodged            |    62 |   143 |   295 |   685 |  1037 ||  2222
Block: Buckler           |       |       |       |       |    73 ||    73

Table legend:
 A = Spawn XP
 B = Non-spawn XP
 C = Spawn XP percentage of total XP
 D = Spawn monster count
 E = Non-spawn monster count
 F = Spawn count percentage of total count
 G = Total turns spent on level
                    A         B        C        D         E        F      G
               +---------+---------+-------+---------+---------+-------+---------
         Total |       0 |   99016 |   0.0 |       0 |     664 |   0.0 | 26060
               +---------+---------+-------+---------+---------+-------+---------
           D:1 |       0 |      39 |   0.0 |       0 |      22 |   0.0 |   998
           D:2 |       0 |     173 |   0.0 |       0 |      24 |   0.0 |  1172
           D:3 |       0 |     212 |   0.0 |       0 |      26 |   0.0 |  1202
           D:4 |       0 |     213 |   0.0 |       0 |      25 |   0.0 |   862
           D:5 |       0 |     371 |   0.0 |       0 |      12 |   0.0 |   549
           D:6 |       0 |    1128 |   0.0 |       0 |      23 |   0.0 |  1365
           D:7 |       0 |     892 |   0.0 |       0 |      15 |   0.0 |   836
           D:8 |       0 |    1692 |   0.0 |       0 |      24 |   0.0 |  1236
           D:9 |       0 |    1918 |   0.0 |       0 |      24 |   0.0 |  1030
          D:10 |       0 |    2631 |   0.0 |       0 |      42 |   0.0 |   932
          D:11 |       0 |    5189 |   0.0 |       0 |      50 |   0.0 |  1559
          D:12 |       0 |    8785 |   0.0 |       0 |      50 |   0.0 |  1450
          D:13 |       0 |    9413 |   0.0 |       0 |      39 |   0.0 |  2157
          D:14 |       0 |    7706 |   0.0 |       0 |      21 |   0.0 |   419
        Lair:1 |       0 |    6839 |   0.0 |       0 |      26 |   0.0 |  1743
        Lair:2 |       0 |   12540 |   0.0 |       0 |      48 |   0.0 |  1511
        Lair:3 |       0 |    8066 |   0.0 |       0 |      17 |   0.0 |  1283
        Lair:4 |       0 |    4968 |   0.0 |       0 |      25 |   0.0 |  1089
        Lair:5 |       0 |    5253 |   0.0 |       0 |      22 |   0.0 |  1384
        Lair:6 |       0 |   10913 |   0.0 |       0 |      47 |   0.0 |   883
         Orc:1 |       0 |    4161 |   0.0 |       0 |      28 |   0.0 |   707
         Orc:2 |       0 |    5697 |   0.0 |       0 |      37 |   0.0 |  1165
         Sewer |       0 |     217 |   0.0 |       0 |      17 |   0.0 |   510
               +---------+---------+-------+---------+---------+-------+---------
